 Dungeon Sprint DCSS version 0.25.0-45-g978344163c (console) character file.

Game seed: 10261521108309927303

6687 Morrissey the Martial Artist (level 11, -1/90 HPs)
             Began as a Gnoll Transmuter on July 11, 2020.
             Was the Champion of Makhleb.
             Slain by a ghost moth (4 damage)
             ... in the Dungeon (Sprint VII: "The Pits").
             The game lasted 00:07:17 (2007 turns).

Morrissey the Martial Artist (Gnoll Transmuter)     Turns: 2007, Time: 00:07:18

Health: -1/90      AC: 13    Str: 16    XL:     11   Next: 3%
Magic:  0/25       EV: 18    Int: 19    God:    Makhleb [******]
Gold:   0          SH:  0    Dex: 18    Spells: 18/31 levels left

rFire    . . .     SeeInvis .   b - staff of energy
rCold    . . .     Gourm    .   (no shield)
rNeg     . . .     Faith    .   v - +5 ring mail
rPois    .         Spirit   .   (no helmet)
rElec    .         Reflect  .   (no cloak)
rCorr    .         Harm     .   u - +0 pair of gloves
MR       .....     NoTele   +   (no boots)
Stlth    ++++......             (no amulet)
HPRegen  0.25/turn              p - +3 ring of dexterity
MPRegen  0.19/turn              q - +3 ring of strength

@: lethally poisoned (-1 -> -6)
A: distributed training, fangs 1, strong nose
a: Minor Destruction, Lesser Servant of Makhleb, Major Destruction, Greater
Servant of Makhleb, Renounce Religion


You were in the Dungeon.
You worshipped Makhleb.
Makhleb was exalted by your worship.
You were not hungry.

You visited 1 branch

Inventory:

Hand Weapons
 s - a +2 quarterstaff
 t - the +6 Majin-Bo {vamp, Archmagi MP+6 Int+6}
   (You found it in the Dungeon)

   It inflicts no extra harm, but heals its wielder when it wounds a living foe.
   It affects your intelligence (+6).
   It affects your magic capacity (+6).
Missiles
 o - 35 arrows
Armour
 n - a +0 robe
 u - a +0 pair of gloves (worn)
 v - a +5 ring mail (worn)
Magical Staves
 b - an uncursed staff of energy (weapon)
Jewellery
 p - a +3 ring of dexterity (left hand)
 q - a +3 ring of strength (right hand)
Scrolls
 j - a scroll of blinking
 k - 3 scrolls of remove curse
 l - 5 scrolls of amnesia
 m - a scroll of summoning
Potions
 c - 2 potions of invisibility
 e - 7 potions of curing
 f - 14 potions of heal wounds
 g - 2 potions of haste
 h - 4 potions of magic
 i - 2 potions of berserk rage
 r - a potion of stabbing
Comestibles
 a - 4 chunks of flesh
 d - 9 rations


   Skills:
 + Level 9.8 Fighting
 + Level 9.5 Short Blades
 + Level 9.5 Long Blades
 + Level 9.5 Axes
 + Level 9.5 Maces & Flails
 + Level 9.5 Polearms
 + Level 9.5 Staves
 + Level 9.5 Slings
 + Level 9.5 Bows
 + Level 9.5 Crossbows
 + Level 9.5 Throwing
 + Level 9.5 Armour
 + Level 10.5 Dodging
 + Level 9.5 Stealth
 + Level 9.5 Shields
 + Level 11.3 Unarmed Combat
 + Level 10.7 Spellcasting
 + Level 7.9 Conjurations
 + Level 7.9 Hexes
 + Level 7.9 Charms
 + Level 7.9 Summonings
 + Level 7.9 Necromancy
 + Level 7.9 Translocations
 + Level 8.9 Transmutations
 + Level 7.9 Fire Magic
 + Level 7.9 Ice Magic
 + Level 7.9 Air Magic
 + Level 7.9 Earth Magic
 + Level 7.9 Poison Magic
 + Level 10.3 Invocations
 + Level 9.5 Evocations


You had 18 spell levels left.
You knew the following spells:

 Your Spells              Type           Power        Failure   Level  Hunger
a - Beastly Appendage     Tmut           #####.       1%          1    None
b - Spider Form           Tmut/Pois      #####.....   1%          3    None
c - Ice Form              Ice/Tmut       #####...     3%          4    None
d - Blade Hands           Tmut           #####.....   9%          5    None

Your spell library contained the following spells:

 Spells                   Type           Power        Failure   Level  Hunger
 Sticks to Snakes         Tmut           #####...     1%          2    None


Dungeon Overview and Level Annotations

Branches:
Dungeon (1/1)

Altars:
Ashenzari
Cheibriados
Dithmenos
Elyvilon
Fedhas
Gozag
Hepliaklqana
Kikubaaqudgha
Makhleb
Nemelex Xobeh
Okawaru
Qazlal
Ru
Sif Muna
Trog
Uskayaw
Vehumet
Wu Jian
Xom
Yredelemnul
Zin
The Shining One
Beogh
Jiyva
Lugonu


Innate Abilities, Weirdness & Mutations

Your experience applies equally to all skills.
You have very sharp teeth.
Your uncanny sense of smell can sniff out nearby items.


Message History

Deactivating autopickup; reactivate with Ctrl-A.
Something hits you.
* * * LOW HITPOINT WARNING * * *
Something stings you!
* * * LOW HITPOINT WARNING * * *
A shadow comes into view.
Your hands revert to their normal proportions.
Your uncursed staff of energy unmelds from your body.
Your +0 pair of gloves unmelds from your body.
* * * LOW HITPOINT WARNING * * *
You feel sick. Something barely misses you. Something hits you.
* * * LOW HITPOINT WARNING * * *
Something stings you but does no damage.
* * * LOW HITPOINT WARNING * * *
You feel sick.
You feel you are being watched by something.
You feel your power leaking away.
* * * LOW MAGIC WARNING * * *
Something hits you but does no damage. Something hits you.
You die...

.......+ #......# ∆
.).....# ∆ )÷######
))#######################
.÷........#......#.......
..........'......#......W
..#####...#####+##.......
.)))..#.........@........
.)#...#........##)##.....
..#...#.#####..#...# ###
..#####.'...#..#...#
........#...'..##'##.
.....)÷.#...#........
#'###...#...#........
....'...#)###...####
....#......(....#


There were no monsters in sight!

Vanquished Creatures
  A nagaraja (D)
  Urug (D)
  A deep elf mage (D)
  An elephant (D)
  2 efreet (D)
  A rime drake (D)
  2 ice devils (D)
  A tyrant leech (D)
  Prince Ribbit (D)
  A polar bear (D)
  A flying skull (D)
  2 wraiths (D)
  A spriggan (D)
  An acid dragon (D)
  A water moccasin (D)
  A floating eye (D)
  A black bear (D)
  A sky beast (D)
  An orc warrior (D)
  4 wolves (D)
  A centaur (D)
  2 bullfrogs (D)
  A gnoll sergeant (D)
  3 wights (D)
  A crimson imp (D)
  2 orc wizards (D)
  2 iguanas (D)
  An orc priest (D)
  A hell rat (D)
  7 gnolls (D)
  3 adders (D)
  3 ufetubi (D)
  2 oozes (D)
  6 orcs (D)
  A ball python (D)
  A bat (D)
  A bat skeleton (D)
  A goblin (D)
  A frilled lizard (D)
  A kobold (D)
67 creatures vanquished.

Notes
Turn   | Place    | Note
-------+----------+-------------------------------------------
     0 | D        | Morrissey the Gnoll Transmuter began the quest for the Orb.
     0 | D        | Reached XP level 1. HP: 17/17 MP: 6/6
    14 | D        | Reached skill level 1 in Short Blades
    14 | D        | Reached skill level 1 in Long Blades
    14 | D        | Reached skill level 1 in Axes
    14 | D        | Reached skill level 1 in Maces & Flails
    14 | D        | Reached skill level 1 in Polearms
    14 | D        | Reached skill level 1 in Staves
    14 | D        | Reached skill level 1 in Slings
    14 | D        | Reached skill level 1 in Bows
    14 | D        | Reached skill level 1 in Crossbows
    14 | D        | Reached skill level 1 in Throwing
    14 | D        | Reached skill level 1 in Armour
    14 | D        | Reached skill level 1 in Stealth
    14 | D        | Reached skill level 1 in Shields
    14 | D        | Reached skill level 5 in Spellcasting
    14 | D        | Reached skill level 1 in Invocations
    14 | D        | Reached skill level 1 in Evocations
    14 | D        | Reached XP level 2. HP: 10/23 MP: 8/8
   229 | D        | Found a bloodstained altar of Trog.
   229 | D        | Found a shimmering blue altar of Sif Muna.
   229 | D        | Found a viscous altar of Jiyva.
   229 | D        | Found a hazy altar of Hepliaklqana.
   229 | D        | Found an opulent altar of Gozag.
   230 | D        | Found a glowing golden altar of the Shining One.
   230 | D        | Found a glowing silver altar of Zin.
   230 | D        | Found a basalt altar of Yredelemnul.
   230 | D        | Found a shimmering altar of Xom.
   230 | D        | Found an ornate altar of the Wu Jian Council.
   230 | D        | Found a sacrificial altar of Ru.
   230 | D        | Found a stormy altar of Qazlal.
   230 | D        | Found an iron altar of Okawaru.
   230 | D        | Found a sparkling altar of Nemelex Xobeh.
   230 | D        | Found a burning altar of Makhleb.
   230 | D        | Found a blossoming altar of Fedhas.
   230 | D        | Found a white marble altar of Elyvilon.
   230 | D        | Found a shadowy altar of Dithmenos.
   230 | D        | Found a snail-covered altar of Cheibriados.
   232 | D        | Found a radiant altar of Vehumet.
   232 | D        | Found a corrupted altar of Lugonu.
   232 | D        | Found a roughly hewn altar of Beogh.
   235 | D        | Found a shattered altar of Ashenzari.
   235 | D        | Found an ancient bone altar of Kikubaaqudgha.
   235 | D        | Found a hide-covered altar of Uskayaw.
   256 | D        | Became a worshipper of Makhleb the Destroyer
   274 | D        | Reached skill level 1 in Conjurations
   274 | D        | Reached skill level 1 in Hexes
   274 | D        | Reached skill level 1 in Charms
   274 | D        | Reached skill level 1 in Summonings
   274 | D        | Reached skill level 1 in Necromancy
   274 | D        | Reached skill level 1 in Translocations
   274 | D        | Reached skill level 1 in Fire Magic
   274 | D        | Reached skill level 1 in Ice Magic
   274 | D        | Reached skill level 1 in Air Magic
   274 | D        | Reached skill level 1 in Earth Magic
   274 | D        | Reached skill level 1 in Poison Magic
   353 | D        | Reached * piety under Makhleb
   363 | D        | Reached XP level 3. HP: 29/29 MP: 9/9
   365 | D        | Noticed a deep elf mage
   377 | D        | Killed a deep elf mage
   377 | D        | Reached ** piety under Makhleb
   377 | D        | Reached skill level 5 in Fighting
   377 | D        | Reached skill level 8 in Unarmed Combat
   377 | D        | Reached skill level 5 in Transmutations
   377 | D        | Reached skill level 5 in Invocations
   377 | D        | Reached XP level 4. HP: 39/39 MP: 9/13
   377 | D        | Reached XP level 5. HP: 45/45 MP: 9/14
   377 | D        | Reached XP level 6. HP: 51/51 MP: 10/16
   448 | D        | Learned a level 3 spell: Spider Form
   453 | D        | Learned a level 4 spell: Ice Form
   459 | D        | Learned a level 5 spell: Blade Hands
   469 | D        | Noticed a floating eye
   482 | D        | Reached skill level 5 in Short Blades
   482 | D        | Reached skill level 5 in Long Blades
   482 | D        | Reached skill level 5 in Axes
   482 | D        | Reached skill level 5 in Maces & Flails
   482 | D        | Reached skill level 5 in Polearms
   482 | D        | Reached skill level 5 in Staves
   482 | D        | Reached skill level 5 in Slings
   482 | D        | Reached skill level 5 in Bows
   482 | D        | Reached skill level 5 in Crossbows
   482 | D        | Reached skill level 5 in Throwing
   482 | D        | Reached skill level 5 in Armour
   482 | D        | Reached skill level 5 in Stealth
   482 | D        | Reached skill level 5 in Shields
   482 | D        | Reached skill level 5 in Evocations
   482 | D        | Reached XP level 7. HP: 57/57 MP: 13/17
   488 | D        | Reached *** piety under Makhleb
   508 | D        | Reached **** piety under Makhleb
   521 | D        | Reached ***** piety under Makhleb
   750 | D        | Noticed a spriggan
   755 | D        | Killed a spriggan
   755 | D        | Reached skill level 9 in Unarmed Combat
   755 | D        | Reached skill level 5 in Conjurations
   755 | D        | Reached skill level 5 in Hexes
   755 | D        | Reached skill level 5 in Charms
   755 | D        | Reached skill level 5 in Summonings
   755 | D        | Reached skill level 5 in Necromancy
   755 | D        | Reached skill level 5 in Translocations
   755 | D        | Reached skill level 5 in Fire Magic
   755 | D        | Reached skill level 5 in Ice Magic
   755 | D        | Reached skill level 5 in Air Magic
   755 | D        | Reached skill level 5 in Earth Magic
   755 | D        | Reached skill level 5 in Poison Magic
   755 | D        | Reached XP level 8. HP: 65/65 MP: 16/20
   809 | D        | Found the +6 Majin-Bo {vamp, Archmagi MP+6 Int+6}
   936 | D        | Noticed a rime drake
   936 | D        | Noticed a wraith
   941 | D        | Killed a rime drake
   941 | D        | Reached ****** piety under Makhleb
   968 | D        | Killed a wraith
   977 | D        | Noticed an efreet
   986 | D        | Reached XP level 9. HP: 72/72 MP: 17/21
  1041 | D        | Killed an efreet
  1067 | D        | Reached skill level 10 in Unarmed Combat
  1334 | D        | Noticed a polar bear
  1337 | D        | Noticed an ice devil
  1351 | D        | Killed an ice devil
  1356 | D        | Killed a polar bear
  1656 | D        | Noticed an elephant
  1668 | D        | Killed an elephant
  1668 | D        | Reached XP level 10. HP: 51/82 MP: 18/23
  1805 | D        | Reached skill level 10 in Spellcasting
  1827 | D        | Noticed Urug
  1845 | D        | Killed Urug
  1845 | D        | Reached skill level 10 in Dodging
  1988 | D        | Noticed Prince Ribbit
  1989 | D        | Noticed a nagaraja
  1993 | D        | Killed Prince Ribbit
  1993 | D        | Reached skill level 11 in Unarmed Combat
  2004 | D        | Killed a nagaraja
  2004 | D        | Reached skill level 10 in Invocations
  2004 | D        | Reached XP level 11. HP: 17/90 MP: 8/25
  2006 | D        | HP: 3/90 [something (3)]
  2007 | D        | Slain by a ghost moth

Illustrated notes

Levels and vault maps discovered:
D:        pitsprint [storerooms_1, entrance_room_1, metal_vault_8, armoury_2,
          mini_pit_1, grid_room_1, main_hall_1, silver_pit, the_coven_1,
          the_vestibule_1, steel_vault_2, golden_pit, hallway_of_sentries,
          crystal_vault_5, iron_vault_4, final_vault]

Skill      XL: |  1  2  3  4  5  6  7  8  9 10 |
---------------+-------------------------------+-----
Short Blades   | 1 4 5 6 7 8 9 |  9.5
Long Blades    | 1 4 5 6 7 8 9 |  9.5
Axes           | 1 4 5 6 7 8 9 |  9.5
Maces & Flails | 1 4 5 6 7 8 9 |  9.5
Polearms       | 1 4 5 6 7 8 9 |  9.5
Staves         | 1 4 5 6 7 8 9 |  9.5
Slings         | 1 4 5 6 7 8 9 |  9.5
Bows           | 1 4 5 6 7 8 9 |  9.5
Crossbows      | 1 4 5 6 7 8 9 |  9.5
Throwing       | 1 4 5 6 7 8 9 |  9.5
Armour         | 1 4 5 6 7 8 9 |  9.5
Stealth        | 1 4 5 6 7 8 9 |  9.5
Shields        | 1 4 5 6 7 8 9 |  9.5
Spellcasting   | 5 7 8 9 10 | 10.7
Invocations    | 1 5 6 7 9 10 | 10.3
Evocations     | 1 4 5 6 7 8 9 |  9.5
Conjurations   | 1 4 5 6 7 |  7.9
Hexes          | 1 4 5 6 7 |  7.9
Charms         | 1 4 5 6 7 |  7.9
Summonings     | 1 4 5 6 7 |  7.9
Necromancy     | 1 4 5 6 7 |  7.9
Translocations | 1 4 5 6 7 |  7.9
Fire Magic     | 1 4 5 6 7 |  7.9
Ice Magic      | 1 4 5 6 7 |  7.9
Air Magic      | 1 4 5 6 7 |  7.9
Earth Magic    | 1 4 5 6 7 |  7.9
Poison Magic   | 1 4 5 6 7 |  7.9
Fighting       | 3 5 6 7 8 9 |  9.8
Transmutations | 4 5 6 7 8 |  8.9
Dodging        | 6 7 8 9 10 | 10.5
Unarmed Combat | 8 9 10 11 | 11.3

Action                   |  1- 3 |  4- 6 |  7- 9 | 10-12 || total
-------------------------+-------+-------+-------+-------++-------
Melee: Unarmed           |    15 |     8 |   129 |    35 ||   187
       Quarterstaff      |     5 |       |       |       ||     5
       Headbutt          |     2 |       |       |       ||     2
       Punch             |     1 |       |     2 |     4 ||     7
       Bite              |       |       |     3 |     3 ||     6
       Staff             |       |       |       |     1 ||     1
 Cast: Beastly Appendage |     2 |       |       |       ||     2
       Spider Form       |       |     1 |     3 |       ||     4
       Ice Form          |       |       |     1 |       ||     1
       Blade Hands       |       |       |     5 |     5 ||    10
 Abil: End Transformatio |       |       |     2 |       ||     2
  Use: Potion            |     1 |       |       |       ||     1
 Stab: Sleeping          |       |     1 |     3 |       ||     4
       Distracted        |       |       |     1 |       ||     1
  Eat: Chunk             |       |       |     2 |     2 ||     4
Armor: Robe              |     3 |       |     2 |       ||     5
       Skin              |       |       |     9 |       ||     9
       Ring mail         |       |       |       |     9 ||     9
Dodge: Dodged            |    15 |     3 |   106 |    26 ||   150
